 Dungeon Crawl Stone Soup version 0.18-a0-674-g00855b9 (webtiles) character file.

41 Korkiloff the Shooter (level 3, -1/28 HPs)
             Began as a Centaur Arcane Marksman on Dec 6, 2015.
             Slain by an orc priest
             ... wielding a +0 morningstar
              (12 damage)
             ... on level 3 of the Dungeon.
             The game lasted 00:07:37 (1356 turns).

Korkiloff the Shooter (Centaur Arcane Marksman)     Turns: 1356, Time: 00:07:38

Health: -1/28      AC:  4    Str: 14    XL:     3   Next: 32%
Magic:  3/4        EV:  9    Int: 12    God:
Gold:   107        SH:  0    Dex:  8    Spells: 2 memorised, 1 level left

rFire  . . .     SeeInvis .     l - +0 mace (crush)
rCold  . . .     Clarity  .     b - +0 robe
rNeg   . . .     SustAt   .     (no shield)
rPois  .         Gourm    .     (no helmet)
rElec  .         Spirit   .     (no cloak)
rCorr  .         Dismiss  .     (no gloves)
rMut   .         Stasis   .     (no barding)
MR     .....                    (no amulet)
Stlth  +.........               (no ring)
                                (no ring)

@: very quick, not resistant to hostile enchantments, very unstealthy
A: hooves 3, deformed body, speed 2, tough skin 3
a: no special abilities


You were on level 3 of the Dungeon.
You were not hungry.

You visited 1 branch of the dungeon, and saw 3 of its levels.

You collected 107 gold pieces.

Inventory:

Hand Weapons
 a - a +0 shortbow
 f - a +2 whip of pain
 l - a +0 mace of crushing (weapon)
 u - a +2 dagger of electrocution
 v - a +1 short sword of protection
Missiles
 d - 44 arrows
 n - 6 tomahawks (quivered)
 q - 34 sling bullets
 t - 2 throwing nets
Armour
 b - a +0 robe (worn)
 w - a +0 pair of gloves
Scrolls
 g - a scroll of fear {unknown}
 i - a scroll of fog {unknown}
 k - 3 scrolls of remove curse {unknown}
 p - 2 scrolls of identify {unknown}
 r - a scroll of recharging {unknown}
Potions
 o - a potion of lignification {unknown}
 s - a potion of curing
Books
 c - a book of Debilitation

   Spells                             Type                      Level
   a - Corona                         Hexes                        1
   b - Slow                           Hexes                        2
   c - Gell's Gravitas                Hexes/Translocation          3
   d - Inner Flame                    Hexes/Fire                   3
   e - Cause Fear                     Hexes                        4
   f - Leda's Liquefaction            Hexes/Earth                  4
Comestibles
 e - a bread ration
 h - a chunk of flesh
 j - 4 fruits
 m - 2 meat rations


   Skills:
 + Level 1.0 Fighting
 + Level 3.6 Bows
 + Level 0.2 Throwing
 + Level 1.7 Dodging
 + Level 1.2 Spellcasting
 + Level 3.1 Hexes


You had one spell level left.
You knew the following spells:

 Your Spells              Type           Power        Failure   Level  Hunger
a - Corona                Hex            #......      12%         1    ##.....
b - Slow                  Hex            #.......     14%         2    ###....


Dungeon Overview and Level Annotations

Branches:
Dungeon (3/15)

Altars:


Innate Abilities, Weirdness & Mutations

You have hooves in place of feet.
Armour fits poorly on your strangely shaped body.
You cover ground very quickly.
You have extremely tough skin (AC +3).


Message History

Firing (i - inventory. (,) - cycle):
d - 45 arrows (quivered)
Press: ? - help, Shift-Dir - straight line, f/p - orc priest
Aim: an orc priest, wielding a morningstar You shoot an arrow.
The arrow closely misses the orc priest.
Wield which item (- for none, * to show all)? (? for menu, Esc to quit)
l - a +0 mace of crushing (weapon)
Throwing (i - inventory. (,) - cycle):
n - 7 tomahawks (quivered)
Press: ? - help, Shift-Dir - straight line, f/p - orc priest
Aim: an orc priest, wielding a morningstar You throw a tomahawk.
The tomahawk hits the orc priest.
The orc priest is lightly wounded.
You closely miss the orc. The orc hits you but does no damage.
You barely miss the orc priest. You kick the orc priest.
The orc priest is moderately wounded.
The orc priest misses you. The orc hits you with a mace.
You closely miss the orc priest. You kick the orc priest.
The orc priest is severely wounded.
The orc priest hits you with a morningstar!
You die...

#.###.# #.
......###.# .#
o.........# .#
#.#######.# .# #.#
#.# .# #.## #.#
####.# ...#
#.####....#
#.l######......o..#
#........(..(((o@[#
..#######.#####.###
.## #.# #.# . #.#
#.# . #(. #.# . ##.
#.# .# #.# .# #.#


You could see an orc priest and an orc.

Vanquished Creatures
  2 oozes (D:1)
  A worm (D:2)
  2 orcs (D:3)
  6 hobgoblins
  3 kobolds
  4 ball pythons
  5 bats
  A giant cockroach (D:1)
  2 giant newts
  4 rats (D:1)
30 creatures vanquished.

Notes
Turn   | Place    | Note
--------------------------------------------------------------
     0 | D:1      | Korkiloff the Centaur Arcane Marksman began the quest for the Orb.
     0 | D:1      | Reached XP level 1. HP: 16/16 MP: 2/2
   138 | D:1      | Reached skill level 3 in Bows
   315 | D:1      | Reached XP level 2. HP: 23/23 MP: 1/3
   664 | D:1      | Learned a level 2 spell: Slow
   801 | D:2      | Reached XP level 3. HP: 23/28 MP: 4/4
  1356 | D:3      | Slain by an orc priest

Vault maps used:
D:1:      lightli_arrival_flooded_house, minmay_close_crescents
D:3:      minitemple

Action                   || total
-------------------------++-------
Melee: Mace              ||    29
 Fire: Shortbow          ||    47
Throw: Tomahawk          ||    13
 Cast: Corona            ||    15
       Slow              ||     1
  Use: Potion            ||     1
  Eat: Chunk             ||     1
